 Dungeon Crawl Stone Soup version 0.19.0-1-g5985abe (webtiles) character file.

46 tyranidshit the Skirmisher (level 3, 0/31 HPs)
             Began as a Demonspawn Abyssal Knight on Nov 2, 2016.
             Was a Follower of Lugonu.
             Slain by a goblin
             ... wielding a +0 dagger of distortion
              (6 damage)
             ... on level 2 of the Dungeon.
             The game lasted 00:03:10 (1151 turns).

tyranidshit the Skirmisher (DsAK)                   Turns: 1151, Time: 00:03:11

Health: 0/31       AC:  8    Str: 16    XL:     3   Next: 46%
Magic:  4/4        EV:  6    Int: 13    God:    Lugonu [*.....]
Gold:   128        SH:  0    Dex: 12    Spells: 0 memorised, 2 levels left

rFire  . . .     SeeInvis .     a - +1 hand axe
rCold  . . .     Gourm    .     g - +0 chain mail
rNeg   . . .     Faith    .     (no shield)
rPois  .         Spirit   .     (no helmet)
rElec  .         Reflect  .     (no cloak)
rCorr  .         Harm     .     (no gloves)
MR     .....                    (no boots)
Stlth  ..........               (no amulet)
                                (no ring)
                                i - +3 ring of strength

@: drained
A: claws 1
a: Depart the Abyss, Renounce Religion


You were on level 2 of the Dungeon.
You worshipped Lugonu.
Lugonu was aware of your devotion.
You were not hungry.

You visited 1 branch of the dungeon, and saw 2 of its levels.
You visited the Abyss 1 time.

You collected 128 gold pieces.

Inventory:

Hand Weapons
 a - a +1 hand axe (weapon)
Armour
 g - a +0 chain mail (worn)
Magical Staves
 b - an uncursed staff of conjuration {unknown}
Jewellery
 i - a +3 ring of strength (left claw)
Wands
 f - a wand of acid (4/15)
Scrolls
 e - a scroll of blinking {unknown}
 k - 3 scrolls of identify
 l - a scroll of magic mapping
Comestibles
 c - 2 bread rations
 d - a royal jelly
 h - a beef jerky
 j - 8 fruits


   Skills:
 + Level 4.5(4.4) Fighting
 - Level 1.7(1.6) Axes
 - Level 1.7(1.6) Armour
 - Level 0.8(0.7) Dodging
 - Level 2.4(2.2) Invocations


You had 2 spell levels left.
You didn't know any spells.

Dungeon Overview and Level Annotations

Branches:
Dungeon (2/15)

Altars:


Innate Abilities, Weirdness & Mutations

You have sharp fingernails.


Message History

The rat bites you but does no damage.
You hit the rat.
You kill the rat!
Lugonu accepts your kill.
The goblin shoots a stone.
The stone hits you but does no damage.
The goblin unwields an uncursed hunting sling.
The goblin wields an uncursed dagger of distortion.
Its appearance distorts for a moment.
The goblin hits you but does no damage. Space warps horribly around you!
You hit the goblin.
The goblin is heavily wounded.
The goblin hits you but does no damage. Space bends around you.
* * * LOW HITPOINT WARNING * * *
You are too injured to fight recklessly!
You are too injured to fight recklessly!
You are too injured to fight recklessly!
You hit the goblin.
The goblin is severely wounded.
The goblin hits you but does no damage. Space bends around you.
You die...

#.##.##############
########
#..[.......>.......
#......#
####.##############
#......##### ### #......,*
# ...........# #.#
#.....#,* #
#......###.###.# #.....#,*
# .......#
#..##.###.....#,* #
.......# ##.#..........#,*
# .......# #.(...@g...###,*
##### .......#
###.(..##.#.# #.####....
.......#
#...((....#.#*#........#
.......#
#.##............####.#.#
.......#
#.*#.....##.###.####.#.#
.....#.#
#.##.....##.###......#.#
.....#.#
*.......................
......,#
*,###....##.###..####...
.,,,,*****,###...(##r###..#
#.#.


You could see a goblin.

Vanquished Creatures
  2 adders (D:2)
  A dart slug (D:1)
  A leopard gecko (D:2)
  2 giant cockroaches (D:2)
  3 goblins
  8 kobolds
  3 bats
  2 frilled lizards
  7 rats
29 creatures vanquished.

Notes
Turn   | Place    | Note
-------+----------+-------------------------------------------
     0 | Abyss:1  | tyranidshit the Demonspawn Abyssal Knight began the quest for the Orb.
     0 | Abyss:1  | Reached XP level 1. HP: 18/18 MP: 2/2
   136 | Abyss:2  | Noticed a spatial vortex
   141 | Abyss:2  | Noticed a spatial vortex
   142 | Abyss:2  | Noticed a spatial vortex
   142 | Abyss:2  | Noticed a spatial vortex
   142 | Abyss:2  | Noticed a spatial vortex
   143 | Abyss:2  | Noticed a spatial maelstrom
   143 | D:1      | Escaped the Abyss
   325 | D:1      | Gained mutation: You have sharp fingernails. [demonic ancestry]
   325 | D:1      | Reached XP level 2. HP: 7/24 MP: 3/3
   426 | D:1      | Reached * piety under Lugonu
   852 | D:2      | Reached skill level 4 in Fighting
   986 | D:2      | Reached XP level 3. HP: 9/30 MP: 4/4
  1151 | D:2      | Slain by a goblin

Skill      XL: |  1  2 |
---------------+-------+-----
Fighting       | 4 |  4.5
Axes           | |  1.7
Armour         | |  1.7
Dodging        | |  0.8
Invocations    | |  2.4

Action                   || total
-------------------------++-------
Melee: Hand axe          ||    70
Invok: Depart the Abyss  ||     1
Evoke: Wand              ||     3
  Use: Scroll            ||     6
       Potion            ||     3
  Eat: Bread ration      ||     1
Armor: Leather armour    ||    12
       Ring mail         ||     8
       Chain mail        ||     8
Dodge: Dodged            ||    47
